Sharks vs Canucks

Created - February 19 2012 at 12:23

Goals
1 2 3 T
Sharks 1 2 0 3
Canucks 0 1 4 5
Shots
1 2 3 T
Sharks 12 13 10 35
Canucks 11 5 10 26

Period #1

1. Sharks , Vladimir Sobotka 3 (Matt Niskanen, Marc Savard) at 3:08

Penalties :
Mark Stuart (SJS) for Hooking (Minor) at 3:36, James van Riemsdyk (VAN) for High sticking (Minor) at 10:21, Ryan OReilly (VAN) for Hooking (Minor) at 11:02, David Moss (SJS) for Roughing (Minor) at 13:48

Period #2

2. Canucks , Ryan OReilly 3 (Loui Eriksson, Duncan Keith) at 2:02
3. Sharks , Bryan McCabe 10 (Johan Franzen, Brian Elliott) at 4:39 (PP)
4. Sharks , Eric Belanger 10 (Ryan Malone, Lauri Korpikoski) at 14:48

Penalties :
David Backes (VAN) for Slashing (Minor) at 2:42, David Backes (VAN) for Fighting (Major) at 4:49, Mark Stuart (SJS) for Fighting (Major) at 4:49, Alex Pietrangelo (VAN) for Roughing (Minor) at 11:07, David Booth (VAN) for Hooking (Minor) at 16:43

Period #3

5. Canucks , Alex Pietrangelo 9 (Loui Eriksson, Duncan Keith) at 1:14
6. Canucks , David Backes 18 (Brooks Laich, Alex Pietrangelo) at 3:51 (PP)
7. Canucks , James van Riemsdyk 20 (Erik Karlsson, Phil Kessel) at 18:21
8. Canucks , David Backes 19 (Loui Eriksson, Brooks Laich) at 18:47

Penalties :
Bryan McCabe (SJS) for Slashing (Minor) at 3:37, David Moss (SJS) for Roughing (Minor) at 4:30, Matthew Carle (VAN) for Slashing (Double Minor) at 13:24

Goalie Stats

Brian Elliott (SJS), 18 saves from 23 shots - (0.783), L, 14-17-2, 58:47 minutes
Steve Mason (SJS), 3 saves from 3 shots - (1.000), 1:13 minutes
Jaroslav Halak (VAN), 32 saves from 35 shots - (0.914), W, 9-9-1, 60:00 minutes

Players Stats

Sharks
Player Name              G  A  P  +/- PIM S  H  SB FO    MP 
------------------------------------------------------------
Alex Tanguay             0  0  0  -1  0   6  0  0  2/2   20 
Andrew Ference           0  0  0  -2  0   4  0  0  0/0   21 
Bryan McCabe             1  0  1  -2  2   1  0  0  0/0   21 
David Moss               0  0  0   1  4   2  1  0  0/0   9  
Eric Belanger            1  0  1   0  0   1  2  0  11/22 17 
Francois Beauchemin      0  0  0  -1  0   1  0  1  0/0   24 
Jason Arnott             0  0  0  -2  0   3  1  0  15/24 20 
Johan Franzen            0  1  1  -2  0   2  3  0  3/3   19 
Johnny Boychuk           0  0  0   0  0   0  1  2  0/0   23 
Lauri Korpikoski         0  1  1   0  0   1  2  0  0/1   15 
Marc Savard              0  1  1   0  0   2  0  1  4/6   20 
Mark Stuart              0  0  0   0  7   1  1  1  0/0   13 
Matt Niskanen            0  1  1   1  0   0  1  0  0/0   12 
Mike Ribeiro             0  0  0  -1  0   3  0  0  13/25 19 
Rene Bourque             0  0  0   0  0   0  0  0  0/0   0  
Ryan Malone              0  1  1  -1  0   2  0  0  0/1   14 
Shane Doan               0  0  0  -1  0   5  2  1  2/5   19 
Vladimir Sobotka         1  0  1   1  0   1  0  0  0/0   9  
Canucks
Player Name              G  A  P  +/- PIM S  H  SB FO    MP 
------------------------------------------------------------
Alex Pietrangelo         1  1  2   0  2   2  1  2  0/0   15 
Brandon Sutter           0  0  0   0  0   2  1  1  9/20  17 
Brooks Laich             0  2  2   0  0   2  1  1  6/13  13 
Corey Perry              0  0  0   1  0   3  3  0  5/6   19 
David Backes             2  0  2   0  7   3  2  0  4/6   12 
David Booth              0  0  0   0  2   1  0  1  0/2   17 
Dmitry Kulikov           0  0  0   0  0   1  0  1  0/0   14 
Duncan Keith             0  2  2   1  0   0  0  2  0/0   24 
Erik Karlsson            0  1  1   1  0   1  1  1  0/0   18 
Fedor Tyutin             0  0  0   0  0   0  0  1  0/0   18 
James van Riemsdyk       1  0  1   1  2   3  2  0  0/0   15 
Jannik Hansen            0  0  0   1  0   1  0  2  0/2   13 
Kris Russell             0  0  0   1  0   0  1  1  0/0   13 
Loui Eriksson            0  3  3   1  0   2  0  0  0/1   19 
Matthew Carle            0  0  0   1  4   0  0  3  0/0   18 
Phil Kessel              0  1  1   1  0   2  0  0  6/24  16 
Ryan OReilly             1  0  1   1  2   1  0  1  9/15  12 
Tomas Holmstrom          0  0  0   0  0   2  2  0  0/0   12 

3 Stars

1 - Loui Eriksson (VAN)
2 - Duncan Keith (VAN)
3 - Alex Pietrangelo (VAN)

Power Play

Sharks - 1 on 7 Attempt(s) - 14.29%
Canucks - 1 on 4 Attempt(s) - 25.00%

Penalty Kill

Sharks - 3 on 4 Attempt(s) - 75.00% - Score 0 goal in Penalty Kill
Canucks - 6 on 7 Attempt(s) - 85.71% - Score 0 goal in Penalty Kill

Game Notes

David Backes and Mark Stuart fight to a draw at 4:49 of 2nd period
Steve Mason enters game at 18:47 of 3rd period

Finance

Level 1 -- Attendance: 5975 (91.92%) -- Ticket Income $478,000.00
Level 2 -- Attendance: 3119 (62.38%) -- Ticket Income $202,735.00
Level 3 -- Attendance: 1919 (54.83%) -- Ticket Income $95,950.00
Level 4 -- Attendance: 1814 (63.43%) -- Ticket Income $45,350.00
Luxury Box -- Attendance: 661 (66.10%) -- Ticket Income $165,250.00
Game was played at the Rogers Arena
Total Attendance: 13488 (71.52%)
Total Ticket Income: $1,079,236.00
Other Income: $219,969.60
Total Income: $1,299,206.00


Play by Play

Period #1

0:01 of 1st period - Marc Savard wins face-off versus Phil Kessel in neutral zone.
0:59 of 1st period - Shot by Loui Eriksson.
0:59 of 1st period - Stopped by Brian Elliott with a rebound.
1:01 of 1st period - Shot by Alex Pietrangelo.
1:01 of 1st period - Stopped by Brian Elliott without a rebound.
1:02 of 1st period - Jason Arnott wins face-off versus Brandon Sutter in Sharks zone.
1:02 of 1st period - Jason Arnott is hit by Tomas Holmstrom.
1:05 of 1st period - Icing by Johan Franzen.
1:06 of 1st period - Brandon Sutter wins face-off versus Jason Arnott in Sharks zone.
1:29 of 1st period - Shot by Tomas Holmstrom.
1:29 of 1st period - Stopped by Brian Elliott without a rebound.
1:30 of 1st period - Brooks Laich wins face-off versus Eric Belanger in Sharks zone.
2:03 of 1st period - Shot by Ryan Malone.
2:03 of 1st period - Shot Misses the Net.
2:05 of 1st period - Shot by Ryan Malone.
2:05 of 1st period - Shot Blocked by Alex Pietrangelo.
2:15 of 1st period - Shot by Loui Eriksson.
2:15 of 1st period - Shot Misses the Net.
2:29 of 1st period - Alex Tanguay is hit by David Backes and loses puck.
3:08 of 1st period - Shot by Vladimir Sobotka.
3:08 of 1st period - Goal by Vladimir Sobotka - Sharks : 1 - Canucks : 0.
3:09 of 1st period - Marc Savard wins face-off versus Phil Kessel in neutral zone.
3:12 of 1st period - Matthew Carle is hit by David Moss and loses puck.
3:23 of 1st period - Shot by Marc Savard.
3:23 of 1st period - Stopped by Jaroslav Halak with a rebound.
3:25 of 1st period - Shot by David Moss.
3:25 of 1st period - Shot Misses the Net.
3:29 of 1st period - Shot by Vladimir Sobotka.
3:29 of 1st period - Deflect By David Moss.
3:29 of 1st period - Stopped by Jaroslav Halak without a rebound.
3:30 of 1st period - Eric Belanger wins face-off versus Brandon Sutter in Canucks zone.
3:36 of 1st period - Minor Penalty to Mark Stuart for Hooking.
3:37 of 1st period - Eric Belanger wins face-off versus Phil Kessel in Sharks zone.
3:48 of 1st period - Shot by Phil Kessel.
3:48 of 1st period - Deflect By Corey Perry.
3:48 of 1st period - Stopped by Brian Elliott with a rebound.
3:50 of 1st period - Shot by David Booth.
3:50 of 1st period - Deflect By Corey Perry.
3:50 of 1st period - Stopped by Brian Elliott without a rebound.
3:51 of 1st period - Corey Perry wins face-off versus Eric Belanger in Sharks zone.
4:29 of 1st period - Off-side.
4:30 of 1st period - David Backes wins face-off versus Eric Belanger in neutral zone.
4:38 of 1st period - Shot by James van Riemsdyk.
4:38 of 1st period - Stopped by Brian Elliott without a rebound.
4:39 of 1st period - Eric Belanger wins face-off versus Brooks Laich in Sharks zone.
4:39 of 1st period - Eric Belanger is hit by Tomas Holmstrom.
4:48 of 1st period - Icing by Tomas Holmstrom.
4:49 of 1st period - Eric Belanger wins face-off versus Brooks Laich in Canucks zone.
5:05 of 1st period - Icing by Dmitry Kulikov.
5:06 of 1st period - Mike Ribeiro wins face-off versus Brooks Laich in Canucks zone.
5:11 of 1st period - Shot by Mike Ribeiro.
5:11 of 1st period - Deflect By Shane Doan.
5:11 of 1st period - Stopped by Jaroslav Halak without a rebound.
5:12 of 1st period - Mike Ribeiro wins face-off versus Phil Kessel in Canucks zone.
7:40 of 1st period - Shot by Ryan Malone.
7:40 of 1st period - Stopped by Jaroslav Halak with a rebound.
8:39 of 1st period - Shot by Tomas Holmstrom.
8:39 of 1st period - Shot Misses the Net.
8:41 of 1st period - Shot by Tomas Holmstrom.
8:41 of 1st period - Stopped by Brian Elliott without a rebound.
8:42 of 1st period - David Backes wins face-off versus Shane Doan in Sharks zone.
8:56 of 1st period - Loui Eriksson is hit by Eric Belanger and loses puck.
10:15 of 1st period - Tomas Holmstrom is hit by Matt Niskanen and loses puck.
10:21 of 1st period - Minor Penalty to James van Riemsdyk for High sticking.
10:22 of 1st period - Jason Arnott wins face-off versus Ryan OReilly in Canucks zone.
10:27 of 1st period - Shot by Alex Tanguay.
10:27 of 1st period - Stopped by Jaroslav Halak with a rebound.
10:29 of 1st period - Shot by David Moss.
10:29 of 1st period - Shot Misses the Net.
10:31 of 1st period - Shot by Mark Stuart.
10:31 of 1st period - Stopped by Jaroslav Halak without a rebound.
10:32 of 1st period - Corey Perry wins face-off versus Mike Ribeiro in Canucks zone.
11:02 of 1st period - Minor Penalty to Ryan OReilly for Hooking.
11:03 of 1st period - Jason Arnott wins face-off versus Brooks Laich in Canucks zone.
11:18 of 1st period - Shot by Alex Tanguay.
11:18 of 1st period - Shot Blocked by Brooks Laich.
11:22 of 1st period - Shot by Alex Tanguay.
11:22 of 1st period - Stopped by Jaroslav Halak without a rebound.
11:23 of 1st period - Brooks Laich wins face-off versus Mike Ribeiro in Canucks zone.
11:39 of 1st period - Off-side.
11:40 of 1st period - Jason Arnott wins face-off versus Brandon Sutter in neutral zone.
11:42 of 1st period - Off-side.
11:43 of 1st period - Jason Arnott wins face-off versus Brandon Sutter in neutral zone.
12:06 of 1st period - Shot by Andrew Ference.
12:06 of 1st period - Stopped by Jaroslav Halak without a rebound.
12:07 of 1st period - Mike Ribeiro wins face-off versus Brandon Sutter in Canucks zone.
12:22 of 1st period - Shot by Shane Doan.
12:22 of 1st period - Shot Misses the Net.
12:26 of 1st period - Shot by Mike Ribeiro.
12:26 of 1st period - Stopped by Jaroslav Halak without a rebound.
12:27 of 1st period - Corey Perry wins face-off versus Jason Arnott in Canucks zone.
13:01 of 1st period - Icing by Andrew Ference.
13:02 of 1st period - Brooks Laich wins face-off versus Lauri Korpikoski in Sharks zone.
13:48 of 1st period - Minor Penalty to David Moss for Roughing.
13:49 of 1st period - Mike Ribeiro wins face-off versus Phil Kessel in Sharks zone.
13:58 of 1st period - Shane Doan is hit by Corey Perry and loses puck.
14:36 of 1st period - Icing by Brooks Laich.
14:37 of 1st period - Brooks Laich wins face-off versus Eric Belanger in Canucks zone.
14:37 of 1st period - Brooks Laich is hit by Lauri Korpikoski.
14:47 of 1st period - Shot by Dmitry Kulikov.
14:47 of 1st period - Stopped by Brian Elliott with a rebound.
14:51 of 1st period - Shot by David Backes.
14:51 of 1st period - Shot Misses the Net.
14:53 of 1st period - Shot by Alex Pietrangelo.
14:53 of 1st period - Deflect By David Backes.
14:53 of 1st period - Shot Misses the Net.
14:55 of 1st period - Shot by Brooks Laich.
14:55 of 1st period - Stopped by Brian Elliott without a rebound.
14:56 of 1st period - Shane Doan wins face-off versus Phil Kessel in Sharks zone.
15:14 of 1st period - Duncan Keith is hit by Lauri Korpikoski and loses puck.
16:03 of 1st period - Shot by Marc Savard.
16:03 of 1st period - Stopped by Jaroslav Halak without a rebound.
16:04 of 1st period - Ryan OReilly wins face-off versus Jason Arnott in Canucks zone.
16:04 of 1st period - Ryan OReilly is hit by Jason Arnott.
16:15 of 1st period - Duncan Keith is hit by Johan Franzen and loses puck.
16:23 of 1st period - Off-side.
16:24 of 1st period - Brandon Sutter wins face-off versus Marc Savard in neutral zone.
16:39 of 1st period - Shot by David Booth.
16:39 of 1st period - Shot Misses the Net.
16:41 of 1st period - Shot by Brandon Sutter.
16:41 of 1st period - Stopped by Brian Elliott with a rebound.
16:49 of 1st period - Shot by Tomas Holmstrom.
16:49 of 1st period - Shot Misses the Net.
17:03 of 1st period - Shot by Brandon Sutter.
17:03 of 1st period - Shot Blocked by Johnny Boychuk.
17:10 of 1st period - Icing by Johnny Boychuk.
17:11 of 1st period - Marc Savard wins face-off versus Phil Kessel in Sharks zone.
17:36 of 1st period - David Moss is hit by Corey Perry and loses puck.
18:07 of 1st period - Shot by Johan Franzen.
18:07 of 1st period - Shot Blocked by Alex Pietrangelo.
18:11 of 1st period - Shot by Jason Arnott.
18:11 of 1st period - Stopped by Jaroslav Halak without a rebound.
18:12 of 1st period - Eric Belanger wins face-off versus Ryan OReilly in Canucks zone.
18:33 of 1st period - Shot by Loui Eriksson.
18:33 of 1st period - Shot Misses the Net.
18:35 of 1st period - Shot by Jannik Hansen.
18:35 of 1st period - Stopped by Brian Elliott without a rebound.
18:36 of 1st period - Johan Franzen wins face-off versus Brandon Sutter in Sharks zone.
19:17 of 1st period - Off-side.
19:18 of 1st period - Phil Kessel wins face-off versus Eric Belanger in neutral zone.

Period #2

0:01 of 2nd period - Phil Kessel wins face-off versus Marc Savard in neutral zone.
0:01 of 2nd period - Corey Perry is hit by Shane Doan and loses puck.
0:12 of 2nd period - Shot by Shane Doan.
0:12 of 2nd period - Shot Misses the Net.
0:16 of 2nd period - Shot by Mike Ribeiro.
0:16 of 2nd period - Shot Misses the Net.
0:18 of 2nd period - Shot by Mike Ribeiro.
0:18 of 2nd period - Stopped by Jaroslav Halak without a rebound.
0:19 of 2nd period - Jason Arnott wins face-off versus Brooks Laich in Canucks zone.
0:19 of 2nd period - Jason Arnott is hit by Alex Pietrangelo.
0:59 of 2nd period - Shot by Johan Franzen.
0:59 of 2nd period - Stopped by Jaroslav Halak without a rebound.
1:00 of 2nd period - Corey Perry wins face-off versus Mike Ribeiro in Canucks zone.
1:19 of 2nd period - Shot by Corey Perry.
1:19 of 2nd period - Shot Misses the Net.
1:24 of 2nd period - Icing by Johnny Boychuk.
1:25 of 2nd period - Mike Ribeiro wins face-off versus Brandon Sutter in Sharks zone.
1:34 of 2nd period - Shot by Tomas Holmstrom.
1:34 of 2nd period - Shot Misses the Net.
1:38 of 2nd period - Shot by Tomas Holmstrom.
1:38 of 2nd period - Shot Blocked by Marc Savard.
1:40 of 2nd period - Shot by David Booth.
1:40 of 2nd period - Deflect By Tomas Holmstrom.
1:40 of 2nd period - Shot Misses the Net.
1:42 of 2nd period - Shot by David Booth.
1:42 of 2nd period - Stopped by Brian Elliott without a rebound.
1:43 of 2nd period - Eric Belanger wins face-off versus Ryan OReilly in Sharks zone.
1:50 of 2nd period - Shot by Ryan Malone.
1:50 of 2nd period - Shot Blocked by Duncan Keith.
2:02 of 2nd period - Shot by Loui Eriksson.
2:02 of 2nd period - Deflect By Ryan OReilly.
2:02 of 2nd period - Goal by Ryan OReilly - Sharks : 1 - Canucks : 1.
2:03 of 2nd period - Phil Kessel wins face-off versus Jason Arnott in neutral zone.
2:06 of 2nd period - Jason Arnott is hit by Corey Perry and loses puck.
2:16 of 2nd period - Alex Tanguay is hit by Erik Karlsson and loses puck.
2:40 of 2nd period - Icing by Alex Tanguay.
2:41 of 2nd period - Jason Arnott wins face-off versus Brooks Laich in Sharks zone.
2:41 of 2nd period - Jason Arnott is hit by Brooks Laich.
2:42 of 2nd period - Minor Penalty to David Backes for Slashing.
2:43 of 2nd period - Ryan OReilly wins face-off versus Mike Ribeiro in Canucks zone.
2:43 of 2nd period - Ryan OReilly is hit by Shane Doan.
2:50 of 2nd period - Icing by Johnny Boychuk.
2:51 of 2nd period - Mike Ribeiro wins face-off versus Ryan OReilly in Sharks zone.
3:14 of 2nd period - Shot by Francois Beauchemin.
3:14 of 2nd period - Stopped by Jaroslav Halak without a rebound.
3:15 of 2nd period - Jason Arnott wins face-off versus Jannik Hansen in Canucks zone.
3:16 of 2nd period - Shot by Alex Tanguay.
3:16 of 2nd period - Deflect By Johan Franzen.
3:16 of 2nd period - Shot Blocked by Matthew Carle.
3:18 of 2nd period - Shot by Andrew Ference.
3:18 of 2nd period - Deflect By Johan Franzen.
3:18 of 2nd period - Shot Blocked by Jannik Hansen.
3:20 of 2nd period - Shot by Andrew Ference.
3:20 of 2nd period - Shot Blocked by Fedor Tyutin.
3:47 of 2nd period - Shot by Andrew Ference.
3:47 of 2nd period - Shot Misses the Net.
3:59 of 2nd period - Shot by Mike Ribeiro.
3:59 of 2nd period - Shot Misses the Net.
4:03 of 2nd period - Shot by Shane Doan.
4:03 of 2nd period - Shot Blocked by Matthew Carle.
4:21 of 2nd period - Shot by Mike Ribeiro.
4:21 of 2nd period - Shot Misses the Net.
4:39 of 2nd period - Shot by Bryan McCabe.
4:39 of 2nd period - Goal by Bryan McCabe - Sharks : 2 - Canucks : 1.
4:40 of 2nd period - Eric Belanger wins face-off versus Loui Eriksson in neutral zone.
4:49 of 2nd period - David Backes and Mark Stuart fight to a draw.
4:49 of 2nd period - Penalty to David Backes for Fighting.
4:49 of 2nd period - Penalty to Mark Stuart for Fighting.
4:50 of 2nd period - Corey Perry wins face-off versus Eric Belanger in Sharks zone.
6:33 of 2nd period - Shot by Johan Franzen.
6:33 of 2nd period - Shot Misses the Net.
9:24 of 2nd period - Off-side.
9:25 of 2nd period - Phil Kessel wins face-off versus Mike Ribeiro in neutral zone.
9:51 of 2nd period - Shot by Corey Perry.
9:51 of 2nd period - Shot Misses the Net.
9:55 of 2nd period - Shot by Corey Perry.
9:55 of 2nd period - Shot Misses the Net.
9:59 of 2nd period - Shot by James van Riemsdyk.
9:59 of 2nd period - Shot Misses the Net.
10:13 of 2nd period - Lauri Korpikoski is hit by James van Riemsdyk and loses puck.
11:07 of 2nd period - Minor Penalty to Alex Pietrangelo for Roughing.
11:08 of 2nd period - Ryan OReilly wins face-off versus Shane Doan in Canucks zone.
12:22 of 2nd period - Icing by Marc Savard.
12:23 of 2nd period - Eric Belanger wins face-off versus Corey Perry in Sharks zone.
12:28 of 2nd period - Shot by Johnny Boychuk.
12:28 of 2nd period - Shot Misses the Net.
12:30 of 2nd period - Shot by Johnny Boychuk.
12:30 of 2nd period - Shot Misses the Net.
12:32 of 2nd period - Shot by Johnny Boychuk.
12:32 of 2nd period - Shot Misses the Net.
13:02 of 2nd period - Shot by Johan Franzen.
13:02 of 2nd period - Stopped by Jaroslav Halak without a rebound.
13:03 of 2nd period - Brandon Sutter wins face-off versus Mike Ribeiro in Canucks zone.
13:36 of 2nd period - Icing by Vladimir Sobotka.
13:37 of 2nd period - Eric Belanger wins face-off versus Phil Kessel in Sharks zone.
13:54 of 2nd period - Shot by Jason Arnott.
13:54 of 2nd period - Stopped by Jaroslav Halak without a rebound.
13:55 of 2nd period - Johan Franzen wins face-off versus Brandon Sutter in Canucks zone.
14:00 of 2nd period - Shot by Alex Tanguay.
14:00 of 2nd period - Stopped by Jaroslav Halak with a rebound.
14:32 of 2nd period - Icing by Johan Franzen.
14:33 of 2nd period - Jason Arnott wins face-off versus Brooks Laich in Sharks zone.
14:46 of 2nd period - Shot by Lauri Korpikoski.
14:46 of 2nd period - Shot Misses the Net.
14:48 of 2nd period - Shot by Ryan Malone.
14:48 of 2nd period - Deflect By Eric Belanger.
14:48 of 2nd period - Goal by Eric Belanger - Sharks : 3 - Canucks : 1.
14:49 of 2nd period - Mike Ribeiro wins face-off versus Phil Kessel in neutral zone.
15:20 of 2nd period - Shot by Phil Kessel.
15:20 of 2nd period - Deflect By Corey Perry.
15:20 of 2nd period - Shot Blocked by Shane Doan.
15:29 of 2nd period - Phil Kessel is hit by Johnny Boychuk and loses puck.
15:48 of 2nd period - Shot by Brooks Laich.
15:48 of 2nd period - Stopped by Brian Elliott without a rebound.
15:49 of 2nd period - Eric Belanger wins face-off versus Jannik Hansen in Sharks zone.
16:13 of 2nd period - Shot by Loui Eriksson.
16:13 of 2nd period - Stopped by Brian Elliott with a rebound.
16:17 of 2nd period - Shot by Jannik Hansen.
16:17 of 2nd period - Shot Blocked by Mark Stuart.
16:28 of 2nd period - Icing by Mark Stuart.
16:29 of 2nd period - Brandon Sutter wins face-off versus Eric Belanger in Sharks zone.
16:30 of 2nd period - Shot by David Booth.
16:30 of 2nd period - Shot Misses the Net.
16:34 of 2nd period - Shot by David Booth.
16:34 of 2nd period - Shot Misses the Net.
16:36 of 2nd period - Shot by Brandon Sutter.
16:36 of 2nd period - Stopped by Brian Elliott without a rebound.
16:37 of 2nd period - Alex Tanguay wins face-off versus David Booth in Sharks zone.
16:41 of 2nd period - Alex Tanguay is hit by Brandon Sutter and loses puck.
16:43 of 2nd period - Minor Penalty to David Booth for Hooking.
16:44 of 2nd period - Johan Franzen wins face-off versus Brandon Sutter in Canucks zone.
16:57 of 2nd period - Shot by Andrew Ference.
16:57 of 2nd period - Stopped by Jaroslav Halak with a rebound.
17:05 of 2nd period - Shot by Johan Franzen.
17:05 of 2nd period - Deflect By Alex Tanguay.
17:05 of 2nd period - Stopped by Jaroslav Halak with a rebound.
17:07 of 2nd period - Shot by Andrew Ference.
17:07 of 2nd period - Stopped by Jaroslav Halak without a rebound.
17:08 of 2nd period - Ryan OReilly wins face-off versus Mike Ribeiro in Canucks zone.
17:20 of 2nd period - Mike Ribeiro is hit by Kris Russell and loses puck.
17:33 of 2nd period - Shot by Mike Ribeiro.
17:33 of 2nd period - Shot Blocked by Duncan Keith.
17:57 of 2nd period - Fedor Tyutin is hit by Johan Franzen and loses puck.
18:14 of 2nd period - Shot by Johan Franzen.
18:14 of 2nd period - Shot Blocked by Matthew Carle.
18:41 of 2nd period - Icing by Mike Ribeiro.
18:42 of 2nd period - Ryan OReilly wins face-off versus Mike Ribeiro in Sharks zone.
18:57 of 2nd period - Duncan Keith is hit by Eric Belanger and loses puck.
19:13 of 2nd period - Loui Eriksson is hit by Mark Stuart and loses puck.
19:35 of 2nd period - Off-side.
19:36 of 2nd period - Jason Arnott wins face-off versus Brandon Sutter in neutral zone.
19:44 of 2nd period - Shot by Jason Arnott.
19:44 of 2nd period - Shot Misses the Net.
19:46 of 2nd period - Shot by Jason Arnott.
19:46 of 2nd period - Stopped by Jaroslav Halak with a rebound.
19:50 of 2nd period - Shot by Alex Tanguay.
19:50 of 2nd period - Stopped by Jaroslav Halak without a rebound.
19:51 of 2nd period - Shane Doan wins face-off versus Phil Kessel in Canucks zone.

Period #3

0:01 of 3rd period - Mike Ribeiro wins face-off versus Phil Kessel in neutral zone.
0:40 of 3rd period - Shot by Mike Ribeiro.
0:40 of 3rd period - Shot Blocked by Erik Karlsson.
0:47 of 3rd period - Off-side.
0:48 of 3rd period - Jason Arnott wins face-off versus David Backes in neutral zone.
0:48 of 3rd period - Andrew Ference is hit by David Backes and loses puck.
0:56 of 3rd period - Shot by Brooks Laich.
0:56 of 3rd period - Shot Misses the Net.
0:58 of 3rd period - Shot by Loui Eriksson.
0:58 of 3rd period - Shot Misses the Net.
1:08 of 3rd period - Shot by David Backes.
1:08 of 3rd period - Deflect By Brooks Laich.
1:08 of 3rd period - Shot Misses the Net.
1:12 of 3rd period - Shot by Loui Eriksson.
1:12 of 3rd period - Shot Misses the Net.
1:14 of 3rd period - Shot by Alex Pietrangelo.
1:14 of 3rd period - Goal by Alex Pietrangelo - Sharks : 3 - Canucks : 2.
1:15 of 3rd period - Brandon Sutter wins face-off versus Eric Belanger in neutral zone.
2:56 of 3rd period - Shot by Johan Franzen.
2:56 of 3rd period - Shot Blocked by Kris Russell.
3:00 of 3rd period - Shot by Alex Tanguay.
3:00 of 3rd period - Shot Blocked by Ryan OReilly.
3:04 of 3rd period - Shot by Jason Arnott.
3:04 of 3rd period - Shot Blocked by Jannik Hansen.
3:06 of 3rd period - Shot by Alex Tanguay.
3:06 of 3rd period - Shot Misses the Net.
3:08 of 3rd period - Shot by Alex Tanguay.
3:08 of 3rd period - Deflect By Johan Franzen.
3:08 of 3rd period - Shot Misses the Net.
3:10 of 3rd period - Shot by Jason Arnott.
3:10 of 3rd period - Shot Misses the Net.
3:37 of 3rd period - Minor Penalty to Bryan McCabe for Slashing.
3:38 of 3rd period - David Backes wins face-off versus Mike Ribeiro in Sharks zone.
3:43 of 3rd period - Shot by Dmitry Kulikov.
3:43 of 3rd period - Shot Misses the Net.
3:51 of 3rd period - Shot by David Backes.
3:51 of 3rd period - Goal by David Backes - Sharks : 3 - Canucks : 3.
3:52 of 3rd period - Marc Savard wins face-off versus David Booth in neutral zone.
4:30 of 3rd period - Minor Penalty to David Moss for Roughing.
4:31 of 3rd period - Brooks Laich wins face-off versus Eric Belanger in Sharks zone.
5:09 of 3rd period - Shot by David Backes.
5:09 of 3rd period - Stopped by Brian Elliott without a rebound.
5:10 of 3rd period - Eric Belanger wins face-off versus Phil Kessel in Sharks zone.
6:35 of 3rd period - Shot by Marc Savard.
6:35 of 3rd period - Shot Blocked by Brandon Sutter.
6:37 of 3rd period - Shot by Vladimir Sobotka.
6:37 of 3rd period - Shot Misses the Net.
7:04 of 3rd period - Shot by David Moss.
7:04 of 3rd period - Shot Misses the Net.
7:34 of 3rd period - Shot by Shane Doan.
7:34 of 3rd period - Stopped by Jaroslav Halak without a rebound.
7:35 of 3rd period - Ryan OReilly wins face-off versus Shane Doan in Canucks zone.
8:33 of 3rd period - Shot by Erik Karlsson.
8:33 of 3rd period - Stopped by Brian Elliott without a rebound.
8:34 of 3rd period - Jason Arnott wins face-off versus Phil Kessel in Sharks zone.
8:38 of 3rd period - Off-side.
8:39 of 3rd period - Jason Arnott wins face-off versus Phil Kessel in neutral zone.
9:19 of 3rd period - Icing by Matthew Carle.
9:20 of 3rd period - Phil Kessel wins face-off versus Mike Ribeiro in Canucks zone.
9:25 of 3rd period - Francois Beauchemin is hit by James van Riemsdyk and loses puck.
10:06 of 3rd period - Off-side.
10:07 of 3rd period - Brandon Sutter wins face-off versus Eric Belanger in neutral zone.
10:12 of 3rd period - Shot by Lauri Korpikoski.
10:12 of 3rd period - Deflect By Eric Belanger.
10:12 of 3rd period - Shot Blocked by David Booth.
10:36 of 3rd period - Shot by Eric Belanger.
10:36 of 3rd period - Shot Blocked by Dmitry Kulikov.
10:38 of 3rd period - Shot by Eric Belanger.
10:38 of 3rd period - Shot Misses the Net.
10:42 of 3rd period - Shot by Lauri Korpikoski.
10:42 of 3rd period - Stopped by Jaroslav Halak without a rebound.
10:43 of 3rd period - Ryan OReilly wins face-off versus Jason Arnott in Canucks zone.
10:51 of 3rd period - Duncan Keith is hit by Johan Franzen and loses puck.
12:04 of 3rd period - Shot by Mike Ribeiro.
12:04 of 3rd period - Deflect By Shane Doan.
12:04 of 3rd period - Stopped by Jaroslav Halak without a rebound.
12:05 of 3rd period - Brandon Sutter wins face-off versus Eric Belanger in Canucks zone.
13:21 of 3rd period - Shot by Vladimir Sobotka.
13:21 of 3rd period - Deflect By David Moss.
13:21 of 3rd period - Stopped by Jaroslav Halak without a rebound.
13:22 of 3rd period - Jason Arnott wins face-off versus Phil Kessel in Canucks zone.
13:24 of 3rd period - Double Minor Penalty to Matthew Carle for Slashing.
13:25 of 3rd period - Ryan OReilly wins face-off versus Jason Arnott in Canucks zone.
14:43 of 3rd period - Icing by Matt Niskanen.
14:44 of 3rd period - Mike Ribeiro wins face-off versus Ryan OReilly in Sharks zone.
14:56 of 3rd period - Off-side.
14:57 of 3rd period - Brandon Sutter wins face-off versus Jason Arnott in neutral zone.
15:18 of 3rd period - Shot by Bryan McCabe.
15:18 of 3rd period - Deflect By Alex Tanguay.
15:18 of 3rd period - Stopped by Jaroslav Halak without a rebound.
15:19 of 3rd period - Mike Ribeiro wins face-off versus Brandon Sutter in Canucks zone.
15:38 of 3rd period - Shot by Marc Savard.
15:38 of 3rd period - Deflect By Shane Doan.
15:38 of 3rd period - Stopped by Jaroslav Halak with a rebound.
15:40 of 3rd period - Shot by Shane Doan.
15:40 of 3rd period - Stopped by Jaroslav Halak without a rebound.
15:41 of 3rd period - Ryan OReilly wins face-off versus Jason Arnott in Canucks zone.
16:00 of 3rd period - Shot by Alex Tanguay.
16:00 of 3rd period - Shot Misses the Net.
16:02 of 3rd period - Shot by Andrew Ference.
16:02 of 3rd period - Stopped by Jaroslav Halak without a rebound.
16:03 of 3rd period - Brandon Sutter wins face-off versus Mike Ribeiro in Canucks zone.
16:16 of 3rd period - Shot by Mike Ribeiro.
16:16 of 3rd period - Stopped by Jaroslav Halak without a rebound.
16:17 of 3rd period - Jason Arnott wins face-off versus Ryan OReilly in Canucks zone.
17:35 of 3rd period - Shot by Corey Perry.
17:35 of 3rd period - Shot Misses the Net.
17:37 of 3rd period - Shot by James van Riemsdyk.
17:37 of 3rd period - Stopped by Brian Elliott without a rebound.
17:38 of 3rd period - David Backes wins face-off versus Ryan Malone in Sharks zone.
17:51 of 3rd period - Shot by Loui Eriksson.
17:51 of 3rd period - Shot Misses the Net.
17:59 of 3rd period - Shot by Alex Tanguay.
17:59 of 3rd period - Deflect By Ryan Malone.
17:59 of 3rd period - Stopped by Jaroslav Halak without a rebound.
18:00 of 3rd period - Mike Ribeiro wins face-off versus Phil Kessel in Canucks zone.
18:19 of 3rd period - Shot by Erik Karlsson.
18:19 of 3rd period - Shot Misses the Net.
18:21 of 3rd period - Shot by James van Riemsdyk.
18:21 of 3rd period - Goal by James van Riemsdyk - Sharks : 3 - Canucks : 4.
18:22 of 3rd period - Brooks Laich wins face-off versus Jason Arnott in neutral zone.
18:47 of 3rd period - Shot by David Backes.
18:47 of 3rd period - Goal by David Backes - Sharks : 3 - Canucks : 5.
18:47 of 3rd period - Steve Mason enters game.
18:48 of 3rd period - Mike Ribeiro wins face-off versus Phil Kessel in neutral zone.
19:10 of 3rd period - Shot by Corey Perry.
19:10 of 3rd period - Stopped by Steve Mason without a rebound.
19:11 of 3rd period - Mike Ribeiro wins face-off versus Phil Kessel in Sharks zone.
19:30 of 3rd period - Shot by Corey Perry.
19:30 of 3rd period - Deflect By Phil Kessel.
19:30 of 3rd period - Stopped by Steve Mason without a rebound.
19:31 of 3rd period - Phil Kessel wins face-off versus Mike Ribeiro in Sharks zone.
19:44 of 3rd period - Shot by Corey Perry.
19:44 of 3rd period - Shot Blocked by Francois Beauchemin.
19:46 of 3rd period - Shot by Phil Kessel.
19:46 of 3rd period - Shot Blocked by Johnny Boychuk.
19:48 of 3rd period - Shot by Phil Kessel.
19:48 of 3rd period - Stopped by Steve Mason without a rebound.
19:49 of 3rd period - Alex Tanguay wins face-off versus David Backes in Sharks zone.


Output by the SimonT Hockey Simulator (STHS) for Stephane Roy -- Original Page W3C XHTML 1.0 Valid